 Dungeon Crawl Stone Soup version 0.30.1-11-g7821555f0a (webtiles) character file.

Game seed: 6447601618126374535

59 Kallu the Sneak (level 3, 0/20 HPs)
             Began as a Vampire Enchanter on Jan 1, 2024.
             Slain by an orc priest
             ... wielding a +0 short sword
              (2 damage)
             ... on level 3 of the Dungeon.
             The game lasted 00:04:29 (1838 turns).

Kallu the Sneak (Vampire Enchanter)                 Turns: 1838, Time: 00:04:30

Health: 0/20       AC:  3    Str:  7    XL:     3   Next: 78%
Magic:  1/6        EV: 12    Int: 19    God:
Gold:   94         SH:  5    Dex: 14    Spells: 4/6 levels left

rFire   . . .        a - +1 dagger
rCold   + + .        (no shield)
rNeg    + + +        e - +1 robe {Will+}
rPois   ∞            p - +0 hat
rElec   .            (no cloak)
rCorr   .            (no gloves)
SInv    +            (no boots)
Will    +....        h - amulet of reflection
Stlth   +++++        (no ring)
HPRegen 0.00/turn    (no ring)
MPRegen 0.10/turn

%: reflection
@: very slightly contaminated, bloodless, inhibited regen, studying Long Blades,
invisible
A: bloodless, fangs 3, see invisible, vampiric 2
a: Bat Form, Revivify


You were on level 3 of the Dungeon.
You visited 1 branch of the dungeon, and saw 3 of its levels.

You collected 94 gold pieces.

Inventory:

Hand Weapons
 a - a +1 dagger (weapon)
Missiles
 o - a throwing net
Armour
 e - a +1 robe of willpower (worn)
 p - a +0 hat (worn)
Jewellery
 h - an amulet of reflection (around neck)
 m - an amulet of faith
Scrolls
 b - 5 scrolls of identify {unknown}
 d - 2 scrolls of vulnerability {unknown}
 f - a scroll of blinking {unknown}
 g - a scroll of noise {unknown}
 i - a scroll of enchant armour {unknown}
 j - a scroll of immolation {unknown}
 l - a scroll of teleportation {unknown}
Potions
 c - a potion of invisibility
 k - 2 potions of curing {unknown}
 n - a potion of brilliance {unknown}


   Skills:
 * Level 1.5 Fighting
 - Level 1.1 Short Blades
 + Level 2.8 Dodging
 + Level 5.2 Stealth
 - Level 2.0 Spellcasting
 - Level 5.0 Hexes
 + Level 0.4 Ice Magic


You had 4 spell levels left.
You knew the following spells:

 Your Spells              Type           Power      Damage    Failure   Level
a - Ensorcelled Hibernat  Hex/Ice        24%        N/A       9%          2

Your spell library contained the following spells:

 Spells                   Type           Power      Damage    Failure   Level
 Slow                     Hex            84%        N/A       1%          1
 Confusing Touch          Hex            21%        N/A       6%          3
 Tukima's Dance           Hex            21%        N/A       6%          3
 Dazzling Flash           Conj/Hex       22%        N/A       19%         3
 Inner Flame              Hex/Fire       11%        N/A       19%         3
 Frozen Ramparts          Ice            6%         1d1       38%         3
 Vampiric Draining        Necr           1%         2d6       45%         3
 Ice Form                 Ice/Tmut       2%         N/A       83%         4
 Summon Ice Beast         Ice/Summ       2%         N/A       83%         4
 Yara's Violent Unravell  Hex/Tmut       5%         3d4       86%         5
 Enfeeble                 Hex            10%        N/A       100%        7


Dungeon Overview and Level Annotations

Branches:
Dungeon (3/15)

Altars:


Innate Abilities, Weirdness & Mutations

You do not regenerate when monsters are visible.
You are frail without blood (-20% HP).
You can heal yourself when you bite living creatures.
You are immune to poison.
You have razor-sharp teeth.
You have supernaturally acute eyesight. (SInv)
You are afflicted with vampirism and can become a bat while bloodless.


Message History

Aiming: Ensorcelled Hibernation (safe; 9% risk of failure)
Press: ? - help, Q - select action, (/) - cycle Shift-Dir - straight line, f/p - orc priest
Aim: an orc priest, wielding a +0 short sword (chance to affect: 46%)
The orc priest resists with some effort.
The orc priest invokes the aid of Beogh against you.
Beogh smites you!
Ouch! That really hurt!
* * * LOW HITPOINT WARNING * * *
You aren't carrying any items that you can evoke.
You closely miss the orc priest.
The orc priest hits you with a +0 short sword.
* * * LOW HITPOINT WARNING * * *
You fade into invisibility!
The orc priest completely misses you.
The orc priest casts a cantrip, but nothing happens.
You hit the orc priest.
The orc priest is lightly wounded.
The orc priest hits you but does no damage.
You hit the orc priest. Your bite misses the orc priest.
The orc priest is moderately wounded.
You hit the orc priest but do no damage.
The orc priest is moderately wounded.
The orc priest closely misses you.
You hit the orc priest but do no damage.
The orc priest is moderately wounded.
The orc priest misses you.
You hit the orc priest.
The orc priest is severely wounded.
You barely miss the orc priest.
The orc priest is severely wounded.
The orc priest barely misses you.
You barely miss the orc priest.
The orc priest is severely wounded.
You barely miss the orc priest.
The orc priest is severely wounded.
The orc priest barely misses you.
You hit the orc priest but do no damage.
The orc priest is severely wounded.
The orc priest hits you with a +0 short sword.
You die...

...........#>......##
#..........#...##o..#
....................####
...........###.......o.o
##........## #..........
#..........# #..†.......
#..........# ###.#####..
#..........# #.## #.#
#......@o..# #..####.#
#..........# ##.##...#
##.....<..## ###†##.###
##......## #..[.....#
######## #........#
#........# ##########


You could see an orc priest (unable to see you).

Vanquished Creatures
  A worm (D:2)
  2 orcs (D:2)
  6 bats
  6 endoplasms
  4 giant cockroaches
  5 goblins
  6 hobgoblins
  2 quokkas
  7 ball pythons
  2 frilled lizards (D:1)
  5 kobolds
  2 rats
48 creatures vanquished.

Notes
Turn   | Place    | Note
-------+----------+-------------------------------------------
     0 | D:1      | Kallu the Vampire Enchanter began the quest for the Orb.
     0 | D:1      | Reached XP level 1. HP: 13/13 MP: 3/3
   105 | D:1      | Reached XP level 2. HP: 16/16 MP: 5/5
   145 | D:1      | Learned a level 2 spell: Ensorcelled Hibernation
   297 | D:1      | Reached skill level 1 in Fighting
   445 | D:1      | Reached skill level 5 in Stealth
   445 | D:1      | Gained mutation: You are afflicted with vampirism and can
                  | become a bat while bloodless. [Vampire growth]
   445 | D:1      | Reached XP level 3. HP: 18/20 MP: 6/6
  1000 | D:2      | Reached skill level 5 in Hexes
  1838 | D:3      | Slain by an orc priest

Illustrated notes

Levels and vault maps discovered:
D:1:      shiori_arrival_maze, layout_rooms, minmay_shallow_snake_nest
D:2:      layout_loops_ring, st_stairs_8, grunt_decor_fettered,
          minmay_pentomino_p2
D:3:      layout_rooms, mainiacjoe_overflow_divided_tiny

Skill      XL: |  1  2  3 |
---------------+----------+-----
Fighting       | 1 |  1.5
Stealth        | 5 |  5.2
Hexes          | 5 |  5.0
Short Blades   | |  1.1
Dodging        | |  2.8
Spellcasting   | |  2.0
Ice Magic      | |  0.4

Action                     || total
---------------------------++-------
  Melee: Dagger            ||   110
         Bite              ||     7
   Cast: Ensorcelled Hiber ||    26
Ability: Exsanguinate      ||     1
    Use: Potion            ||     2
   Stab: Sleeping          ||    31
 Armour: Robe              ||    27
  Dodge: Dodged            ||    56
  Block: Other             ||    18
